 Dungeon Crawl Stone Soup version 0.23.1-41-g7e51ed3 (webtiles) character file.

Game seed: 5827317732711113040

71440 Mrkaede the Cleaver (level 14, -11/133 HPs)
             Began as a Minotaur Berserker on Mar 29, 2019.
             Was the Champion of Trog.
             Killed from afar by Nikola (23 damage)
             ... with a chain lightning
             ... on level 1 of the Snake Pit.
             The game lasted 01:06:26 (16928 turns).

Mrkaede the Cleaver (Minotaur Berserker)           Turns: 16928, Time: 01:06:27

Health: -11/133    AC: 27    Str: 26    XL:     14   Next: 97%
Magic:  16/16      EV: 14    Int:  4    God:    Trog [******]
Gold:   2027       SH: 18    Dex: 22    Spells: 13/13 levels left

rFire    . . .     SeeInvis .   w - +4 war axe (flame)
rCold    + . .     Gourm    .   F - +0 large shield
rNeg     . . .     Faith    .   V - +4 plate armour {rC+}
rPois    .         Spirit   .   (helmet restricted)
rElec    .         Reflect  .   t - scarf {repulsion}
rCorr    .         Harm     .   y - +2 pair of gloves {Dex+3}
MR       +++++                  X - +0 pair of boots
Stlth    ..........             C - amulet of regeneration
HPRegen  1.72/turn              g - +6 ring of dexterity
MPRegen  0.15/turn              h - ring of protection from magic

@: regenerating, repel missiles
A: retaliatory headbutt, horns 2, thin metallic scales 1, agile 1, magic
resistance 1
a: Berserk, Trog's Hand, Brothers in Arms, Renounce Religion


You were on level 1 of the Snake Pit.
You worshipped Trog.
Trog was exalted by your worship.
You were not hungry.

You visited 4 branches of the dungeon, and saw 20 of its levels.
You also visited: Ice Cave.

You collected 2507 gold pieces.
You spent 480 gold pieces at shops.

Inventory:

Hand Weapons
 w - a +4 war axe of flaming (weapon)
 z - a +3 broad axe
 W - a +8 antimagic battleaxe
Missiles
 L - 2 javelins of penetration (quivered)
 P - 15 tomahawks of returning
 R - 2 javelins
Armour
 t - a scarf of repulsion (worn)
 y - a +2 pair of gloves of dexterity (worn)
 D - a +3 chain mail of fire resistance
 E - a +3 chain mail of positive energy
 F - a +0 large shield (worn)
 G - a +2 plate armour of cold resistance
 M - a +1 chain mail of poison resistance
 V - a +4 plate armour of cold resistance (worn)
 X - a +0 pair of boots (worn)
Jewellery
 b - an uncursed ring of flight
 g - a +6 ring of dexterity (left hand)
 h - a ring of protection from magic (right hand)
 o - an uncursed amulet of the gourmand
 B - an uncursed ring of positive energy
 C - an amulet of regeneration (around neck)
Wands
 d - a wand of paralysis (9)
 e - a wand of scattershot (4)
 q - a wand of flame (35)
 x - a wand of clouds (6)
 O - a wand of iceblast (4)
 U - a wand of acid (16)
 Y - a wand of disintegration (5)
Scrolls
 f - a scroll of magic mapping
 i - a scroll of enchant armour
 j - 5 scrolls of teleportation
 l - 3 scrolls of fear
 p - 16 scrolls of remove curse
 Z - 5 scrolls of identify
Potions
 a - a potion of cancellation
 k - 9 potions of curing
 m - 9 potions of flight
 n - 3 potions of agility
 r - 4 potions of might
 s - a potion of invisibility
 u - 2 potions of ambrosia
 v - 4 potions of heal wounds
 A - a potion of mutation
 H - 2 potions of haste
 K - 3 potions of berserk rage
 N - a potion of brilliance
Miscellaneous
 I - a lightning rod (4/4)
 Q - a lamp of fire
Comestibles
 c - 19 rations


   Skills:
 * Level 14.4 Fighting
 * Level 14.5 Axes
 + Level 8.6 Throwing
 * Level 14.1 Armour
 * Level 13.2 Dodging
 - Level 0.2 Stealth
 * Level 7.5 Shields
 - Level 4.8 Evocations


You had 13 spell levels left.
You didn't know any spells.
Your spell library was empty.

Dungeon Overview and Level Annotations

Branches:
Dungeon (13/15)            Temple (0/1) D:5            Lair (4/6) D:9
 Shoals (0/4) Lair:2        Snake (1/4) Lair:4          Orc (2/2) D:9
    Elf (0/3) Orc:2
 Vaults: D:13-14

Altars:
Fedhas
Gozag
Okawaru
Ru
Sif Muna
Wu Jian
The Shining One

Shops:
Orc:2 %%(}

Portals:
Trove: D:11 (give +6 demon whip)

Annotations:
Snake:1 Nikola


Innate Abilities, Weirdness & Mutations

You reflexively headbutt those who attack you in melee.
You have a pair of horns on your head.
You are partially covered in thin metallic scales. (AC +2)
You are agile. (Dex +2)
You are resistant to hostile enchantments. (MR+)


Message History

Found a stone staircase leading down.
Nikola the Mad Inventor comes into view.
He is wielding a +3 rapier of electrocution and wearing a +2 cloak of invisibility.
Nikola shouts!
Nikola mumbles, "Hm, I wonder if you're conductive."
Nikola casts a spell.
You hear a mighty clap of thunder!
The lightning arc hits you!!
The lightning arc hits Nikola.
The lightning arc hits you!!
The lightning arc hits Nikola!
The lightning arc hits you!
A mana viper comes into view.
Your skin crawls.
You feel resistant to hostile enchantments.
You feel somewhat more hungry.
Nikola gestures wildly while chanting.
You hear a mighty clap of thunder!
The lightning arc hits you!!
The lightning arc hits Nikola.
The lightning arc hits you!!
* * * LOW HITPOINT WARNING * * *
The lightning arc hits Nikola.
The lightning arc hits you!!
You die...

## ... ..### .... ###
##..# ###.######
###..^.## ##...#....###
#......@###....#.#....##
.....>.@#......#.#.....#
##S#...........#.#..#.##
####.####...######...
......##....#.....#
#.......#...##...#.#
####....#...#....#.)
.###..#.##.###.#
####.......###...#
#.....##+#...##..#


You could see Nikola and a mana viper.

Vanquished Creatures
  Roxanne (Snake:1)
  An orc warlord (Orc:2)
  Aizul (Snake:1)
  2 entropy weavers (Lair:4)
  A stone giant (Orc:1)
  An ettin (D:9)
  Josephine (D:12)
  2 ogre magi (Orc:2)
  A hydra (D:11)
  Harold (D:8)
  Fannar (D:11)
  A centaur warrior (D:13)
  2 naga warriors (Snake:1)
  A catoblepas (D:13)
  A queen ant (Lair:4)
  14 two-headed ogres
  4 naga sharpshooters (Snake:1)
  A shock serpent (Snake:1)
  Nergalle (Lair:1)
  2 salamander mystics (Snake:1)
  An unseen horror (D:13)
  2 deep trolls (Orc:2)
  The ghost of EtherCrawl the Poker, a novice FoAK of Lugonu (D:4)
  A mana viper (Snake:1)
  An orc knight (Orc:2)
  A wolf spider zombie (D:13)
  An orc sorcerer (Orc:1)
  3 cyclopes
  The ghost of night the Firebug, a novice DgFE (D:6)
  2 ugly things
  A deep elf mage (D:11)
  5 elephants (Lair:4)
  3 salamanders (Snake:1)
  3 guardian serpents (Snake:1)
  Joseph (D:7)
  2 merfolk sirens (Lair:2)
  4 black mambas
  Maurice (D:10)
  A gargoyle (D:13)
  2 ice statues (IceCv)
  4 naga magi (Snake:1)
  5 spiny frogs
  10 ice devils (IceCv)
  3 komodo dragons
  10 trolls
  2 merfolk (Lair:2)
  A guardian mummy (D:11)
  3 slime creatures (D:12)
  6 hippogriffs
  Grinder (D:4)
  A meliai zombie (D:13)
  A vampire (D:12)
  Sigmund (D:3)
  3 wraiths (D:12)
  14 yaks
  3 wyverns
  A steam dragon (D:10)
  5 soldier ants (Lair:4)
  4 wargs (Orc:2)
  9 nagas (Snake:1)
  4 water moccasins
  8 porcupines
  8 ice beasts
  2 sky beasts
  29 orc warriors
  A necrophage (D:10)
  27 ogres
  4 centaurs
  6 crocodiles
  2 big kobolds
  14 bullfrogs
  Blork the orc (D:4)
  A wyvern zombie (D:9)
  A water moccasin skeleton (D:5)
  4 scorpions
  6 killer bees (D:10)
  3 wights (D:12)
  2 jellies
  2 howler monkeys
  An electric eel (Lair:3)
  2 bullfrog zombies
  A crimson imp (D:8)
  A bullfrog skeleton (D:9)
  18 orc priests
  A centaur skeleton (D:11)
  6 hounds
  32 orc wizards
  An iguana (D:6)
  Terence (D:3)
  13 worker ants
  Robin (D:2)
  12 adders
  7 gnolls
  5 shadow imps
  6 white imps (IceCv)
  4 ufetubi (IceCv)
  An adder zombie (D:6)
  2 worms
  4 adder skeletons
  5 dart slugs
  8 leopard geckos
  112 orcs
  2 giant cockroaches
  15 goblins
  13 hobgoblins
  17 jackals
  16 kobolds
  3 quokkas
  2 ball pythons
  9 bats
  7 frilled lizards
  2 quokka zombies
  12 rats
631 creatures vanquished.

Vanquished Creatures (collateral kills)
  A reaper (IceCv)
  An ice devil (IceCv)
2 creatures vanquished.

Vanquished Creatures (others)
  5 white imps (IceCv)
  5 ufetubi (IceCv)
  4 orcs (Orc:1)
  6 plants
20 creatures vanquished.

Grand Total: 653 creatures vanquished

Notes
Turn   | Place    | Note
-------+----------+-------------------------------------------
     0 | D:1      | Mrkaede the Minotaur Berserker began the quest for the Orb.
     0 | D:1      | Reached XP level 1. HP: 19/19 MP: 0/0
   158 | D:1      | Reached XP level 2. HP: 19/27 MP: 1/1
   671 | D:1      | Reached XP level 3. HP: 33/33 MP: 2/2
  1013 | D:2      | Reached ** piety under Trog
  1483 | D:2      | Reached XP level 4. HP: 40/40 MP: 3/3
  1799 | D:3      | Noticed Robin
  1808 | D:3      | Noticed Sigmund
  1829 | D:3      | Reached XP level 5. HP: 39/47 MP: 4/4
  1980 | D:2      | Killed Robin
  1980 | D:2      | Reached skill level 5 in Axes
  2004 | D:3      | Killed Sigmund
  2004 | D:3      | Reached skill level 5 in Fighting
  2004 | D:3      | Reached skill level 1 in Throwing
  2004 | D:3      | Reached XP level 6. HP: 26/56 MP: 5/5
  2005 | D:3      | Reached *** piety under Trog
  2107 | D:3      | Noticed Terence
  2114 | D:3      | Killed Terence
  2182 | D:3      | Found an iron altar of Okawaru.
  2355 | D:4      | Noticed Grinder
  2368 | D:4      | Killed Grinder
  2368 | D:4      | Reached XP level 7. HP: 32/62 MP: 6/6
  2496 | D:4      | Noticed Blork the orc
  2502 | D:4      | Killed Blork the orc
  2629 | D:4      | Found a runed translucent door.
  2631 | D:4      | Noticed EtherCrawl's ghost (novice FoAK)
  3057 | D:4      | Killed EtherCrawl's ghost
  3057 | D:4      | Reached skill level 5 in Armour
  3057 | D:4      | Reached skill level 5 in Dodging
  3057 | D:4      | Reached XP level 8. HP: 71/71 MP: 7/7
  3089 | D:5      | Entered Level 5 of the Dungeon
  3292 | D:5      | Found a staircase to the Ecumenical Temple.
  3835 | D:6      | Reached **** piety under Trog
  3929 | D:6      | Reached XP level 9. HP: 40/79 MP: 8/8
  4352 | D:6      | Found a runed translucent door.
  4353 | D:6      | Noticed night's ghost (novice DgFE)
  4367 | D:6      | Killed night's ghost
  4641 | D:7      | Noticed Joseph
  4653 | D:7      | Killed Joseph
  4716 | D:7      | Found a glowing golden altar of the Shining One.
  5003 | D:8      | Noticed Harold
  5024 | D:8      | Killed Harold
  5024 | D:8      | Received a gift from Trog
  5024 | D:8      | Reached XP level 10. HP: 89/91 MP: 9/9
  5202 | D:8      | Found a blossoming altar of Fedhas.
  5346 | D:8      | Found a deep blue altar of Sif Muna.
  5346 | D:8      | Found an opulent altar of Gozag.
  5351 | D:8      | Found a sacrificial altar of Ru.
  5353 | D:8      | Found a faded altar of an unknown god.
  5355 | D:8      | Found an ornate altar of the Wu Jian Council.
  5885 | D:9      | Reached ***** piety under Trog
  5885 | D:9      | Received a gift from Trog
  6057 | D:9      | Found a staircase to the Lair.
  6174 | D:9      | Reached skill level 5 in Throwing
  6193 | D:9      | Noticed a cyan ugly thing
  6202 | D:9      | Killed a cyan ugly thing
  6202 | D:9      | Reached skill level 10 in Axes
  6350 | D:9      | Found a staircase to the Orcish Mines.
  6737 | D:10     | Entered Level 10 of the Dungeon
  6737 | D:10     | Noticed Maurice
  6747 | D:10     | Reached skill level 10 in Fighting
  6761 | D:10     | Received a gift from Trog
  6774 | D:10     | Killed Maurice
  6815 | D:10     | Noticed a two-headed ogre
  6821 | D:10     | Killed a two-headed ogre
  6821 | D:10     | Reached skill level 1 in Evocations
  6821 | D:10     | Reached XP level 11. HP: 87/100 MP: 10/10
  7228 | D:10     | Noticed a two-headed ogre
  7239 | D:10     | Killed a two-headed ogre
  7412 | D:11     | Noticed a deep elf mage
  7418 | D:11     | Received a gift from Trog
  7419 | D:11     | Noticed a two-headed ogre
  7420 | D:11     | Reached skill level 10 in Armour
  7426 | D:11     | Killed a deep elf mage
  7429 | D:11     | Killed a two-headed ogre
  7607 | D:11     | Noticed a four-headed hydra
  7620 | D:11     | Killed a five-headed hydra
  7780 | D:11     | Noticed Fannar
  7796 | D:11     | Killed Fannar
  7903 | D:11     | Noticed a two-headed ogre
  7907 | D:11     | Killed a two-headed ogre
  7907 | D:11     | Reached skill level 10 in Dodging
  8040 | D:11     | Found a portal to a secret trove of treasure.
  8397 | D:12     | Found a frozen archway.
  8397 | D:12     | Noticed a white ugly thing
  8407 | IceCv    | Entered an ice cave
  8900 | IceCv    | Reached XP level 12. HP: 66/110 MP: 4/13
  9045 | IceCv    | Received a gift from Trog
  9106 | IceCv    | Noticed a reaper
  9119 | IceCv    | Killed a reaper
  9380 | D:12     | Received a gift from Trog
  9522 | D:12     | Noticed Josephine
  9524 | D:12     | Noticed a two-headed ogre
  9531 | D:12     | Killed Josephine
  9533 | D:12     | Killed a two-headed ogre
  9582 | D:12     | Noticed a two-headed ogre
  9589 | D:12     | Killed a two-headed ogre
  9885 | D:13     | Noticed a centaur warrior
  9893 | D:13     | Killed a centaur warrior
 10021 | D:13     | Noticed a catoblepas
 10039 | D:13     | Killed a catoblepas
 10705 | Lair:1   | Entered Level 1 of the Lair of Beasts
 10834 | Lair:1   | Reached XP level 13. HP: 119/119 MP: 5/15
 10949 | Lair:1   | Noticed Nergalle
 10957 | Lair:1   | Killed Nergalle
 11692 | Lair:2   | Found a staircase to the Shoals.
 13272 | Lair:4   | Reached skill level 1 in Shields
 13338 | Lair:4   | Gained mutation: You are resistant to hostile enchantments.
                  | (MR+) [potion of mutation]
 13338 | Lair:4   | Gained mutation: You are partially covered in thin metallic
                  | scales. (AC +2) [potion of mutation]
 13338 | Lair:4   | Gained mutation: You are agile. (Dex +2) [potion of
                  | mutation]
 13516 | Lair:4   | Noticed an entropy weaver
 13517 | Lair:4   | Noticed an entropy weaver
 13524 | Lair:4   | Killed an entropy weaver
 13566 | Lair:4   | Received a gift from Trog
 13925 | Lair:4   | Killed an entropy weaver
 14067 | Lair:4   | Found a staircase to the Snake Pit.
 14459 | Orc:1    | Entered Level 1 of the Orcish Mines
 14482 | Orc:1    | Noticed an ettin
 14495 | D:9      | Killed an ettin
 14578 | Orc:1    | Noticed a stone giant
 14597 | Orc:1    | Killed a stone giant
 14934 | Orc:2    | Entered Level 2 of the Orcish Mines
 15066 | Orc:2    | Received a gift from Trog
 15117 | Orc:2    | Found a staircase to the Elven Halls.
 15125 | Orc:2    | Reached ****** piety under Trog
 15208 | Orc:2    | Received a gift from Trog
 15208 | Orc:2    | Noticed an orc warlord
 15239 | Orc:2    | Killed an orc warlord
 15239 | Orc:2    | Reached XP level 14. HP: 96/129 MP: 16/16
 15571 | Orc:2    | Reached skill level 5 in Shields
 15670 | Orc:2    | Received a gift from Trog
 15708 | Orc:2    | Found Taskotsa's Food Shoppe.
 15720 | Orc:2    | Found Zeshrycs's Food Emporium.
 15721 | Orc:2    | Found Nix Jawk's Weapon Boutique.
 15756 | Orc:2    | Found Zujyhicwo's Gadget Shoppe.
 15765 | Orc:2    | Bought a lightning rod (4/4) for 480 gold pieces
 16005 | Snake:1  | Entered Level 1 of the Snake Pit
 16368 | Snake:1  | Noticed Roxanne
 16459 | Snake:1  | Killed Roxanne
 16770 | Snake:1  | Noticed Aizul
 16784 | Snake:1  | Killed Aizul
 16926 | Snake:1  | Noticed Nikola
 16928 | Snake:1  | Killed from afar by Nikola

Skill      XL: |  1  2  3  4  5  6  7  8  9 10 11 12 13 14 |
---------------+-------------------------------------------+-----
Axes           | 4 5 6 7 9 10 11 12 13 14 | 14.5
Fighting       | 4 5 6 7 9 10 11 12 13 14 | 14.4
Dodging        | 3 4 5 6 7 9 10 11 12 13 | 13.2
Armour         | 3 4 5 6 8 9 10 12 13 14 | 14.1
Throwing       | 1 2 3 4 5 6 7 8 |  8.6
Evocations     | 1 3 4 |  4.8
Shields        | 4 7 |  7.5
Stealth        | |  0.2

Action                   |  1- 3 |  4- 6 |  7- 9 | 10-12 | 13-15 || total
-------------------------+-------+-------+-------+-------+-------++-------
Melee: Hand axe          |    85 |    75 |       |       |       ||   160
       Headbutt          |    14 |    15 |    47 |   107 |   214 ||   397
       Battleaxe         |       |    14 |   198 |   377 |    65 ||   654
       Executioner's axe |       |       |       |   102 |       ||   102
       War axe           |       |       |       |       |   525 ||   525
Throw: Tomahawk          |       |       |       |    22 |    10 ||    32
       Javelin           |       |       |       |     2 |     7 ||     9
Invok: Berserk           |       |       |     1 |     3 |     8 ||    12
       Trog's Hand       |       |       |       |     2 |     4 ||     6
       Brothers in Arms  |       |       |       |     1 |       ||     1
Evoke: Wand              |       |       |       |     8 |     8 ||    16
  Use: Scroll            |       |     5 |    13 |    11 |     6 ||    35
       Potion            |       |       |     2 |     4 |     4 ||    10
 Stab: Sleeping          |     2 |       |       |       |       ||     2
  Eat: Chunk             |     2 |     3 |     6 |    15 |    12 ||    38
       Ration            |       |       |     1 |     3 |     5 ||     9
Armor: Animal skin       |    12 |       |       |       |       ||    12
       Ring mail         |     5 |    29 |       |       |       ||    34
       Scale mail        |       |     4 |    17 |       |       ||    21
       Chain mail        |       |       |    71 |    84 |       ||   155
       Plate armour      |       |       |       |   227 |   247 ||   474
Dodge: Dodged            |    52 |    41 |   131 |   364 |   234 ||   822
       Deflected         |       |       |       |       |    18 ||    18
Block: Large shield      |       |       |       |       |   455 ||   455
